 Dungeon Crawl Stone Soup version 0.28-a0-535-g6f645e4c1d (webtiles) character file.

Game seed: 14483148451644207046

37 heikuro the Covered (level 3, 0/30 HPs)
             Began as a Formicid Fighter on Sept 27, 2021.
             Killed from afar by Natasha (4 damage)
             ... with a magic dart
             ... on level 2 of the Dungeon.
             The game lasted 00:00:59 (1277 turns).

heikuro the Covered (Formicid Fighter)              Turns: 1277, Time: 00:01:00

Health: 0/30       AC:  7    Str: 21    XL:     3   Next: 60%
Magic:  3/3        EV:  9    Int:  7    God:
Gold:   53         SH:  4    Dex: 10    Spells: 2/2 levels left

rFire   . . .      SeeInvis +   a - +0 war axe
rCold   . . .      Faith    .   c - +0 buckler
rNeg    . . .      Spirit   .   b - +0 scale mail
rPois   .          Reflect  .   (helmet unavailable)
rElec   .          Harm     .   (no cloak)
rCorr   .          Rampage  .   (no gloves)
Will    .....                   (no boots)
Stlth   ..........              (no amulet)
HPRegen 0.10/turn               (no ring)
MPRegen 0.08/turn               (no ring)

@: no status effects
A: permanent stasis, dig shafts and tunnels, antennae 3, four strong arms
a: Dig, Shaft Self


You were on level 2 of the Dungeon.
You visited 1 branch of the dungeon, and saw 2 of its levels.

You collected 53 gold pieces.

Inventory:

Hand Weapons
 a - a +0 war axe (weapon)
Armour
 b - a +0 scale mail (worn)
 c - a +0 buckler (worn)
Scrolls
 e - a scroll of blinking {unknown}
 f - a scroll of identify {unknown}
 g - a scroll of silence {unknown}
 h - a scroll of summoning {unknown}
 i - a scroll of immolation {unknown}
Potions
 d - a potion of might
 j - a potion of degeneration {unknown}


   Skills:
 + Level 3.7 Fighting
 * Level 3.0 Axes
 + Level 3.7 Armour
 - Level 3.6 Shields


You had 2 spell levels left.
You didn't know any spells.
Your spell library was empty.

Dungeon Overview and Level Annotations

Branches:
Dungeon (2/15)

Altars:

Annotations:
D:2 Natasha


Innate Abilities, Weirdness & Mutations

You cannot be hasted, slowed, berserked, paralysed or teleported.
You can dig through walls and to a lower floor.
You have a pair of large antennae on your head. (SInv)
Your four strong arms can wield two-handed weapons with a shield.


Message History

You closely miss Natasha. You hit the white imp.
Natasha casts a spell.
The white imp closely misses you.
You miss Natasha. You miss the crimson imp. You hit the white imp.
You block Natasha's attack. The white imp gestures at you.
The puff of frost hits you!
The crimson imp picks up a beetle and eats it.
The crimson imp hits you but does no damage.
Unknown command.
You slash Natasha!
Natasha is almost dead.
You closely miss the white imp. You miss the crimson imp.
Natasha casts a spell at you. The magic dart hits you.
The white imp barely misses you.
The crimson imp hits you but does no damage.
Natasha casts a spell.
The white imp gestures at you. The puff of frost hits you!
You closely miss Natasha.
Natasha is almost dead.
You hit the white imp.
You kill the white imp!
The white imp disappears in a puff of smoke!
You hit the crimson imp. The crimson imp barely misses you. Natasha claws you.
* * * LOW HITPOINT WARNING * * *
The crimson imp barely misses you.
You barely miss Natasha.
Natasha is almost dead.
You slash the crimson imp!
Natasha growls.
Natasha stares at you and mumbles some strange words.
The magic dart hits you.
* * * LOW HITPOINT WARNING * * *
The crimson imp closely misses you. Natasha closely misses you.
You hit Natasha but do no damage.
Natasha is almost dead.
You closely miss the crimson imp. The crimson imp barely misses you.
Natasha stares at you and mumbles some strange words.
The magic dart hits you.
You die...

...####...###..##.##..
....# #...# ##....#..#
......#...#####..#..#
. #.(....#........#
#.####.#.......##.##
#.####....###......#
#.......### #.###...
#..###5##.## #.# #...
#.5wh@...# #.# ##..
#..#####........ ##.
#. #..###### #. #..#
## ...# # { #..# #
#..# #...


You could see a worm, Natasha and 2 crimson imps.

Vanquished Creatures
  2 dart slugs (D:1)
  6 ball pythons
  8 endoplasms (D:1)
  3 giant cockroaches
  A goblin (D:1)
  2 hobgoblins (D:1)
  3 bats (D:1)
  2 frilled lizards
  A kobold (D:2)
  2 rats (D:1)
30 creatures vanquished.

Vanquished Creatures (others)
  2 plants (D:1)
2 creatures vanquished.

Grand Total: 32 creatures vanquished

Notes
Turn   | Place    | Note
-------+----------+-------------------------------------------
     0 | D:1      | heikuro the Formicid Fighter began the quest for the Orb.
     0 | D:1      | Reached XP level 1. HP: 18/18 MP: 1/1
   118 | D:1      | Found a faded altar of an unknown god.
   127 | D:1      | Reached XP level 2. HP: 21/24 MP: 2/2
   639 | D:1      | Reached XP level 3. HP: 29/29 MP: 3/3
  1267 | D:2      | Noticed Natasha
  1277 | D:2      | Killed from afar by Natasha

Illustrated notes

Levels and vault maps discovered:
D:1:      sevenhm_arrival_forest_fort_large_4, layout_basic,
          shapermc_ecumenical_altar_venn
D:2:      layout_rooms, basic_altar, uniq_natasha

Skill      XL: |  1  2  3 |
---------------+----------+-----
Axes           | 3 |  3.0
Fighting       | |  3.7
Armour         | |  3.7
Shields        | |  3.6

Action                   || total
-------------------------++-------
Melee: War axe           ||    77
Armor: Scale mail        ||    33
Dodge: Dodged            ||    32
Block: Buckler           ||    17

Table legend: (Time is in decaauts)
 A = Elapsed time spent in this place.
 B = Non-inter-level travel time spent in this place.
 C = Inter-level travel time spent in this place.
 D = Time resting spent in this place.
 E = Time spent auto-exploring this place.
 F = Levels seen in this place.
 G = Mean time per level.
                   A        B        C        D        E       F      G
               +--------+--------+--------+--------+--------+-----+--------+
         Total |   1305 |   1246 |     59 |      0 |    981 |   2 |  652.5 |
       Dungeon |   1305 |   1246 |     59 |      0 |    981 |   2 |  652.5 |
               +--------+--------+--------+--------+--------+-----+--------+

Top non-repeatable levels by time:
     D:1: 1218 daAuts
     D:2: 86 daAuts
